 Dungeon Crawl Stone Soup version 0.17-a0-131-ga9cda9c (webtiles) character file.

525 squibie the Slasher (level 6, -5/48 HPs)
             Began as a Demigod Gladiator on Mar 24, 2015.
             Killed by divine providence
             ... invoked by an orc priest
              (11 damage)
             ... on level 4 of the Dungeon.
             The game lasted 00:08:40 (3260 turns).

squibie the Slasher (Demigod Gladiator)             Turns: 3260, Time: 00:08:48

Health: -5/48      AC:  5    Str: 18    XL:     6   Next: 70%
Magic:  10/10      EV: 13    Int: 12    God:
Gold:   129        SH:  0    Dex: 20    Spells: 0 memorised, 5 levels left

rFire  . . .     SeeInvis .     m - +0 long sword
rCold  . . .     Clarity  .     n - +0 troll leather armour
rNeg   . . .     SustAb   +     (no shield)
rPois  .         Gourm    .     c - +0 helmet
rElec  .         Spirit   .     (no cloak)
rCorr  .         Warding  .     (no gloves)
rMut   .         Stasis   .     (no boots)
MR     .....                    (no amulet)
Stlth  ++........               (no ring)
                                (no ring)

@: not resistant to hostile enchantments, unstealthy
A: sustain abilities
a: no special abilities


You were on level 4 of the Dungeon.
You were not hungry.

You visited 1 branch of the dungeon, and saw 6 of its levels.

You collected 157 gold pieces.
You spent 28 gold pieces at shops.

Inventory:

Hand weapons
 a - a +0 long sword
 m - a +0 long sword (weapon)
Missiles
 d - 2 throwing nets
 g - 2 javelins (quivered)
Armour
 b - a +0 leather armour
 c - a +0 helmet (worn)
 k - a +0 leather armour
 n - a +0 troll leather armour (worn)
Scrolls
 e - 8 scrolls of identify
 j - a scroll of amnesia {unknown}
 l - 2 scrolls of magic mapping {unknown}
 o - a scroll of recharging {unknown}
Potions
 i - a potion of heal wounds {unknown}
 q - 2 potions of berserk rage {unknown}
 r - 2 potions of restore abilities {unknown}
Comestibles
 f - 4 bread rations
 h - a meat ration


   Skills:
 - Level 1.7 Fighting
 + Level 7.3 Long Blades
 - Level 1.7 Throwing
 - Level 2.6 Dodging


You had 5 spell levels left.
You didn't know any spells.

Dungeon Overview and Level Annotations

Branches:
Dungeon (6/15)
 Temple: D:4-7

Shops:
D:4 *


Innate Abilities, Weirdness & Mutations

Your attributes are resistant to harm.


Message History

The orc priest calls down the wrath of Beogh upon you.
Something smites you!
You hit something!
Reactivating autopickup.
You feel a bit more experienced.
You barely miss the orc priest.
The orc priest is almost dead.
The orc priest misses you.
You barely miss the orc priest.
The orc priest is almost dead.
The orc priest calls down the wrath of Beogh upon you.
Something smites you!
You closely miss the orc priest.
The orc priest is almost dead.
The orc priest mumbles some strange prayers to Beogh against you.
Something smites you!
* * * LOW HITPOINT WARNING * * *
The orc priest mumbles some strange prayers to Beogh against you.
Something smites you!
You die...

# #####.#
###.##+#
#.#.##.#
#...##.#
#.####.# #.##
#o# #..# #o#
#########.# #o#
........֠# #@#
#..#..#..## #.#
.........####.#
..............#
.........#####
..#..#...#
.........#
#########


You could see 2 orc priests and an orc.

Vanquished Creatures
  A phantom (D:4)
  A hound (D:4)
  An iguana (D:3)
  3 orc wizards (D:4)
  An orc priest (D:3)
  2 worker ants
  4 gnolls (D:2)
  7 adders
  3 worms
  A giant gecko (D:2)
  10 orcs
  4 giant cockroaches
  7 goblins
  12 hobgoblins
  13 kobolds
  A quokka (D:4)
  2 ball pythons
  11 bats
  A giant gecko skeleton (D:4)
  9 giant newts
  A quokka skeleton (D:4)
  13 rats
108 creatures vanquished.

Notes
Turn   | Place    | Note
--------------------------------------------------------------
     0 | D:1      | squibie, the Demigod Gladiator, began the quest for the Orb.
     0 | D:1      | Reached XP level 1. HP: 17/17 MP: 2/2
   137 | D:1      | Reached skill level 3 in Long Blades
   255 | D:1      | Reached XP level 2. HP: 14/24 MP: 3/3
   256 | D:1      | You fall through a shaft!
   604 | D:2      | You fall through a shaft for 2 floors!
   690 | D:3      | Reached XP level 3. HP: 18/29 MP: 5/5
   727 | D:2      | Reached skill level 4 in Long Blades
  1606 | D:2      | Reached XP level 4. HP: 36/36 MP: 7/7
  1618 | D:2      | Reached skill level 5 in Long Blades
  1991 | D:3      | Found a bloodstained altar of Trog.
  2069 | D:3      | Reached XP level 5. HP: 23/41 MP: 8/8
  2524 | D:3      | Reached skill level 6 in Long Blades
  2621 | D:3      | You fall through a shaft for 3 floors!
  2628 | D:5      | Entered Level 5 of the Dungeon
  2761 | D:4      | Found Traotahe's General Store.
  2764 | D:4      | Bought a scroll of identify for 28 gold pieces
  2864 | D:4      | Noticed a phantom
  2903 | D:4      | Killed a phantom
  2903 | D:4      | Reached XP level 6. HP: 43/48 MP: 10/10
  3050 | D:4      | Reached skill level 7 in Long Blades
  3260 | D:4      | Killed from afar by an orc priest

Action                   |  1- 3 |  4- 6 || total
-------------------------+-------+-------++-------
Melee: Long sword        |   183 |   255 ||   438
Throw: Throwing net      |       |     4 ||     4
       Javelin           |       |     6 ||     6
  Use: Scroll            |     1 |       ||     1
 Stab: Sleeping          |       |     2 ||     2
  Eat: Chunk             |     3 |     6 ||     9
